Map: Prion Terraces

Players

MCanning

  • Race: Protoss Protoss
  • League: Grandmaster

MaGiCaL - Winner!

  • Race: Protoss Protoss
  • League: Grandmaster

VOD

http://www.twitch.tv/mcanning/v/30690643

Description

Time

  • Played on: Dec. 19, 2015, 3:03 a.m.
  • Length: 4:24
Show
View Real Time Build Order
Export as new Build Order

MCanning Protoss 

Build Orders: Nexus First 

Get SALT Encoding   

  12  0:01  Probe (Chrono Boost)  
  13  0:12  Probe (Chrono Boost)  
  14  0:20  Pylon  
  14  0:23  Probe (Chrono Boost)  
  15  0:38  Probe (Chrono Boost)  
  16  0:48  Probe (Chrono Boost)  
  17  0:57  Nexus  
  17  1:09  Gateway  
  18  1:11  Probe (Chrono Boost)  
  18  1:21  Probe (Chrono Boost)  
  18  1:23  Assimilator  
  19  1:28  Assimilator  
  19  1:32  Probe (Chrono Boost)  
  20  1:38  Gateway  
  20  1:49  Probe (Chrono Boost)  
  21  1:56  Cybernetics Core  
  21  2:00  Probe (Chrono Boost)  
  22  2:07  Pylon  
  22  2:11  Probe (Chrono Boost)  
  22  2:13  Probe (Chrono Boost)  
  24  2:27  Probe (Chrono Boost)  
  25  2:32  Stalker x2 (Chrono Boost)  
  29  2:43  Mothership Core  
  31  2:57  Pylon  
  31  3:00  Stalker (Chrono Boost)  
  35  3:06  Stalker (Chrono Boost)  
  35  3:26  Stalker (Chrono Boost)  
  37  3:29  Pylon  
  35  3:36  Probe  
  35  3:44  Robotics Facility  
  35  4:07  Probe  
  36  4:10  Pylon  
  36  4:11  Probe  
Show
View Real Time Build Order
Export as new Build Order

MaGiCaL Protoss - Winner!

Build Orders: Dark Templar Rush 

Get SALT Encoding   

  12  0:01  Probe (Chrono Boost)  
  13  0:11  Probe (Chrono Boost)  
  14  0:17  Pylon  
  14  0:22  Probe (Chrono Boost)  
  15  0:35  Probe (Chrono Boost)  
  16  0:36  Gateway  
  16  0:46  Probe (Chrono Boost)  
  16  0:47  Assimilator  
  17  0:51  Assimilator  
  17  0:56  Probe (Chrono Boost)  
  18  1:07  Gateway, Probe (Chrono Boost)  
  19  1:17  Probe (Chrono Boost)  
  20  1:23  Cybernetics Core  
  20  1:28  Probe (Chrono Boost)  
  21  1:33  Pylon  
  21  1:38  Probe (Chrono Boost)  
  22  1:49  Probe (Chrono Boost)  
  23  1:59  Adept x2  
  23  2:00  Warp Gate (Chrono Boost)  
  27  2:09  Twilight Council  
  27  2:15  Pylon  
  27  2:28  Adept x2  
  31  2:47  Dark Shrine  
  31  2:50  Gateway  
  31  2:59  Probe  
  31  3:02  Pylon  
  32  3:11  Probe  
  33  3:23  Probe  
  32  3:35  Probe  
  29  3:59  Dark Templar  
  29  4:00  Dark Templar x2  
  33  4:03  Probe  
  33  4:07  Nexus  
Tags
 
Add a new tag
Caveats
  • Supply blocks, unpowered buildings, or Contaminate may cause inaccurate times.
  • Supply counts are checked every 10 seconds.